 Dungeon Crawl Stone Soup version 0.30-a0-557-ge2afbf3030 (webtiles) character file.

Game seed: 11645299170689278141

91 Newt the Trooper (level 4, 0/35 HPs)
             Began as a Demonspawn Gladiator on Dec 27, 2022.
             Slain by Terence
             ... wielding a +1 heavy flail
              (13 damage)
             ... on level 3 of the Dungeon.
             The game lasted 00:01:49 (1843 turns).

Newt the Trooper (Demonspawn Gladiator)             Turns: 1843, Time: 00:01:50

Health: 0/35       AC:  2    Str: 16    XL:     4   Next: 33%
Magic:  4/4        EV: 10    Int:  9    God:
Gold:   166        SH:  7    Dex: 15    Spells: 3/3 levels left

rFire   . . .      SeeInvis .    p - +1 dagger (pain)
rCold   . . .      Faith    .    r - +0 kite shield
rNeg    . . .      Spirit   .    b - +0 leather armour
rPois   .          Reflect  .    c - +0 helmet
rElec   .          Harm     .    j - +1 cloak
rCorr   .          Rampage  .    (no gloves)
Will    .....                    (no boots)
Stlth   ++                       (no amulet)
HPRegen 0.25/turn                (no ring)
MPRegen 0.09/turn                (no ring)

@: corroded
A: demonic guardian 1
a: no special abilities


You were on level 3 of the Dungeon.
You visited 1 branch of the dungeon, and saw 3 of its levels.

You collected 166 gold pieces.

Inventory:

Hand Weapons
 a - a +0 rapier
 p - a +1 dagger of pain (weapon)
Missiles
 d - 4 throwing nets (quivered)
 e - a javelin
 q - 4 boomerangs
Armour
 b - a +0 leather armour (worn)
 c - a +0 helmet (worn)
 j - a +1 cloak (worn)
 r - a +0 kite shield (worn)
Wands
 o - a wand of acid (6)
Scrolls
 l - a scroll of teleportation
 m - a scroll of magic mapping
 n - a scroll of identify
 s - a scroll of fog {unknown}
Potions
 f - a potion of flight
 g - a potion of ambrosia {unknown}
 h - a potion of heal wounds {unknown}
 i - a potion of brilliance {unknown}


   Skills:
 + Level 3.3 Fighting
 - Level 2.6 Short Blades
 - Level 1.7 Throwing
 - Level 2.6 Dodging
 - Level 3.0 Stealth


You had 3 spell levels left.
You didn't know any spells.
Your spell library was empty.

Dungeon Overview and Level Annotations

Branches:
Dungeon (3/15)

Altars:

Annotations:
D:3 Ijyb, Terence


Innate Abilities, Weirdness & Mutations

A weak demonic guardian rushes to your aid.


Message History

You barely miss the adder.
The adder is severely wounded.
The adder barely misses you.
You hit the adder.
You kill the adder!
You feel sick.
No target in view!
No target in view!
No target in view!
You feel sick.
You start putting on your armour.
You continue putting on your +0 kite shield.
You feel sick.
You continue putting on your +0 kite shield.
You feel sick.
You are no longer poisoned.
You continue putting on your +0 kite shield. x2
You finish putting on your +0 kite shield.
HP restored.
You now have 166 gold pieces (gained 11).
s - a scroll labelled BERIOS RYGIUNT A hobgoblin comes into view.
Blink to where?
Press: ? - help, Dir - move target Terence, Ijyb and a hobgoblin come into view.
Terence is wielding a +1 heavy flail.
Ijyb is wielding a +0 dagger and carrying a wand of acid (8).
Found 6 gold pieces, a glowing black potion and a book of Weapons.
As you read the scroll labelled RAHODWAZYT, it crumbles to dust.
It was a scroll of blinking.
The helpless hobgoblin fails to defend itself.
You impale the hobgoblin!!
You kill the hobgoblin!
Terence shouts!
The hobgoblin shouts!
Found 16 gold pieces.
Ijyb zaps a wand.
The bolt of acid hits you! The acid corrodes you!
Ijyb zaps a wand.
The bolt of acid hits you!
Terence drinks a potion.
Terence goes berserk!
Ijyb zaps a wand.
The bolt of acid misses you. Terence hits you with a +1 heavy flail!
You die...

...##.................##
...####.................
...####.###...........#
........####..........#.
...#..........(>........
...#.##.................
.#.(.##.########.##.#.##
........# #.# .#.##
...#############@##....$
.### #..g.....@...... .#
#............... .#
#............... .#
#........$...... .#
#######.....g... .#
#......... .# #..$...:..
## ##........


You could see Ijyb, Terence (berserk) and a hobgoblin.

Vanquished Creatures
  4 adders
  A dart slug (D:2)
  6 ball pythons
  2 bats (D:1)
  8 endoplasms
  8 goblins
  6 hobgoblins
  2 quokkas
  A frilled lizard (D:2)
  6 kobolds
  4 rats
48 creatures vanquished.

Vanquished Creatures (others)
  4 fungi (D:1)
4 creatures vanquished.

Grand Total: 52 creatures vanquished

Notes
Turn   | Place    | Note
-------+----------+-------------------------------------------
     0 | D:1      | Newt the Demonspawn Gladiator began the quest for the Orb.
     0 | D:1      | Reached XP level 1. HP: 16/16 MP: 1/1
    57 | D:1      | Reached skill level 1 in Stealth
    86 | D:1      | Found a faded altar of an unknown god.
   184 | D:1      | Gained mutation: A weak demonic guardian rushes to your
                  | aid. [demonic ancestry]
   184 | D:1      | Reached XP level 2. HP: 21/22 MP: 2/2
   777 | D:2      | Reached XP level 3. HP: 27/27 MP: 3/3
  1543 | D:2      | Reached XP level 4. HP: 34/34 MP: 4/4
  1838 | D:3      | Noticed Terence
  1838 | D:3      | Noticed Ijyb
  1843 | D:3      | Slain by Terence

Illustrated notes

Levels and vault maps discovered:
D:1:      dpeg_arrival_lava_temple_mockup, layout_loops_ring,
          dreamdust_ecumenical_altar_grove
D:2:      layout_basic, kennysheep_generic_room_6
D:3:      layout_rooms, nrook_mini_backslash, uniq_natasha, uniq_terence,
          uniq_ijyb

Skill      XL: |  1  2  3  4 |
---------------+-------------+-----
Stealth        | 1 2 3 |  3.0
Fighting       | 3 |  3.3
Short Blades   | |  2.6
Throwing       | |  1.7
Dodging        | |  2.6

Action                   |  1- 3 |  4- 6 || total
-------------------------+-------+-------++-------
Melee: Rapier            |   141 |       ||   141
       Dagger            |     3 |    37 ||    40
  Use: Scroll            |     7 |     1 ||     8
 Stab: Sleeping          |     4 |     2 ||     6
Armor: Leather armour    |    53 |    15 ||    68
Dodge: Dodged            |    92 |    22 ||   114

Table legend: (Time is in decaauts)
 A = Elapsed time spent in this place.
 B = Non-inter-level travel time spent in this place.
 C = Inter-level travel time spent in this place.
 D = Time resting spent in this place.
 E = Time spent auto-exploring this place.
 F = Levels seen in this place.
 G = Mean time per level.
                   A        B        C        D        E       F      G
               +--------+--------+--------+--------+--------+-----+--------+
         Total |   1847 |   1717 |    130 |      0 |   1310 |   3 |  615.7 |
       Dungeon |   1847 |   1717 |    130 |      0 |   1310 |   3 |  615.7 |
               +--------+--------+--------+--------+--------+-----+--------+

Top non-repeatable levels by time:
     D:2: 972 daAuts
     D:1: 695 daAuts
     D:3: 180 daAuts
